 Dungeon Crawl Stone Soup version 0.28-a0-657-g71136c5590 (webtiles) character file.

Game seed: 9921063942979144606

1132 ytrimaz the Cleaver (level 8, -3/70 HPs)
             Began as a Minotaur Berserker on Oct 13, 2021.
             Was a High Priest of Trog.
             Slain by an orc warrior (18 damage)
             ... on level 5 of the Dungeon.
             The game lasted 00:06:01 (4672 turns).

ytrimaz the Cleaver (Minotaur Berserker)            Turns: 4672, Time: 00:06:01

Health: -3/70      AC: 12    Str: 25    XL:     8   Next: 13%
Magic:  7/7        EV:  9    Int:  4    God:    Trog [*****.]
Gold:   238        SH:  0    Dex:  9    Spells: 7/7 levels left

rFire   . . .      SeeInvis .   a - +1 hand axe (protect)
rCold   + . .      Faith    .   k - +0 buckler
rNeg    . . .      Spirit   .   h - +3 chain mail {rC+}
rPois   +          Reflect  .   (helmet restricted)
rElec   .          Harm     .   (no cloak)
rCorr   .          Rampage  .   (no gloves)
Will    .....                   (no boots)
Stlth   ..........              (no amulet)
HPRegen 0.21/turn               l - ring of poison resistance
MPRegen 0.10/turn               (no ring)

@: confused
A: horns 2, retaliatory headbutt
a: Renounce Religion, Berserk, Trog's Hand, Brothers in Arms


You were on level 5 of the Dungeon.
You worshipped Trog.
Trog was extremely pleased with you.
You visited 1 branch of the dungeon, and saw 5 of its levels.
You also visited: Sewer.

You collected 238 gold pieces.

Inventory:

Hand Weapons
 a - a +1 hand axe of protection (weapon)
Armour
 h - a +3 chain mail of cold resistance (worn)
 k - a +0 buckler (worn)
Jewellery
 l - a ring of poison resistance (left hand)
Scrolls
 c - a scroll of torment
 i - a scroll of enchant armour
 o - a scroll of teleportation
 p - a scroll of brand weapon
Potions
 b - 4 potions of heal wounds
 d - 2 potions of haste
 e - a potion of curing {unknown}
 f - a potion of flight {unknown}
 g - 2 potions of attraction
 j - 2 potions of invisibility
 m - 3 potions of magic
 n - a potion of brilliance {unknown}


   Skills:
 + Level 6.0 Fighting
 * Level 9.0 Axes
 + Level 5.3 Armour
 + Level 3.1 Dodging
 * Level 3.0 Shields


You had 7 spell levels left.
You didn't know any spells.
Your spell library was empty.

Dungeon Overview and Level Annotations

Branches:
Dungeon (5/15)              Sewer (visited)
 Temple: D:4-7

Altars:
Kikubaaqudgha
Sif Muna

Shops:
D:4 !


Innate Abilities, Weirdness & Mutations

You have a pair of horns on your head.
You reflexively headbutt those who attack you in melee.


Message History

The orc warrior is moderately wounded.
You hit something. The orc warrior barely misses you.
Unknown command.
You completely miss the orc warrior.
The orc warrior is moderately wounded.
You hit something.
Something hits you but does no damage. x2
The orc warrior hits you but does no damage.
Things that are here:
a +0 short sword; a +0 short sword; a scorpion corpse Unknown command.
You hit the orc warrior but do no damage.
Your headbutt misses the orc warrior.
The orc warrior is lightly wounded.
You closely miss something. You hit something but do no damage.
You block something's attack.
You hear some strange, mumbled words.
You are confused.
The orc warrior hits you with a +2 vorpal battleaxe!
You bump into the rock wall.
Something hits you. Something hits you but does no damage.
The orc warrior completely misses you.
You're too confused to move!
Something hits you but does no damage. x2
The orc warrior hits you with a +2 vorpal battleaxe!
You barely miss the orc warrior.
The orc warrior is lightly wounded.
You completely miss something. You miss something. Something hits you.
Something hits you but does no damage.
Unknown command.
Unknown command.
Okay, then.
The orc warrior hits you with a +2 vorpal battleaxe!
* * * LOW HITPOINT WARNING * * *
x2 Something hits you but does no damage.
You hear some strange, mumbled words.
You are more confused.
Things that are here:
a +0 mace; a +0 short sword You bump into the rock wall.
The orc warrior hits you with a +2 vorpal battleaxe!!
You die...

.. .# ##.. #########..
#.....#.....####### .. ..
..................? .. ..o
...............### .# ..#.
................o## .##....
..............##@)###.#.o...
..............###){.........
..............# ##Z.......#.
.............## #..........
#.....#.....## #.).......#
#########.### #.........#
#####.# ............ #<..#.#
..#........## #.....#
.............#


You could see an orc warrior and a water moccasin zombie.

Vanquished Creatures
  An ice beast (D:5)
  An ogre (D:3)
  3 kobold brigands (Sewer)
  3 scorpions
  A centaur skeleton (D:4)
  3 orc priests
  2 jellies
  Jessica (D:3)
  Terence (D:3)
  An orc wizard (D:4)
  12 adders
  7 river rats (Sewer)
  An ufetubus (D:4)
  4 worms
  3 dart slugs
  10 orcs
  17 ball pythons
  6 bats
  6 endoplasms
  4 giant cockroaches
  5 goblins
  4 hobgoblins
  21 kobolds
  9 quokkas
  4 frilled lizards
  24 rats
154 creatures vanquished.

Notes
Turn   | Place    | Note
-------+----------+-------------------------------------------
     0 | D:1      | ytrimaz the Minotaur Berserker began the quest for the Orb.
     0 | D:1      | Reached XP level 1. HP: 19/19 MP: 0/0
   181 | D:1      | Reached XP level 2. HP: 24/27 MP: 1/1
   278 | D:1      | Found a faded altar of an unknown god.
   291 | D:1      | Reached skill level 4 in Axes
   713 | D:2      | Reached XP level 3. HP: 28/33 MP: 2/2
   770 | D:2      | Reached ** piety under Trog
   987 | D:2      | Reached XP level 4. HP: 26/41 MP: 3/3
  1401 | D:2      | Reached skill level 5 in Axes
  1950 | D:3      | Reached skill level 5 in Fighting
  2038 | D:3      | Noticed an ogre
  2045 | D:3      | Killed an ogre
  2046 | D:3      | Reached XP level 5. HP: 22/48 MP: 4/4
  2237 | D:3      | Reached *** piety under Trog
  2283 | D:3      | Noticed Jessica
  2289 | D:3      | Killed Jessica
  2529 | D:3      | Noticed Terence
  2536 | D:3      | Killed Terence
  2537 | D:3      | Reached XP level 6. HP: 49/56 MP: 5/5
  2674 | D:3      | Reached skill level 6 in Axes
  2824 | D:4      | Reached skill level 1 in Shields
  3063 | D:4      | Found an ancient bone altar of Kikubaaqudgha.
  3200 | D:4      | Found a shimmering blue altar of Sif Muna.
  3229 | D:4      | Found Pyaka's Distillery.
  3267 | D:4      | Found a glowing drain.
  3289 | Sewer    | Entered a sewer
  3375 | Sewer    | Reached **** piety under Trog
  3475 | Sewer    | Reached XP level 7. HP: 52/62 MP: 6/6
  3484 | Sewer    | Reached skill level 7 in Axes
  3751 | Sewer    | Reached skill level 8 in Axes
  4553 | D:5      | Entered Level 5 of the Dungeon
  4565 | D:5      | Reached skill level 5 in Armour
  4640 | D:5      | Reached XP level 8. HP: 66/70 MP: 7/7
  4655 | D:5      | Reached ***** piety under Trog
  4663 | D:5      | Reached skill level 9 in Axes
  4672 | D:5      | Slain by an orc warrior

Illustrated notes

Levels and vault maps discovered:
D:1:      dpeg_arrival_long_road, layout_basic, ebering_ecumenical_altar_webs
D:2:      minmay_skewed_foursquare, layout_loops_ring, minmay_misc_feat_square,
          minmay_bisected
D:3:      layout_rooms, uniq_jessica, uniq_terence
D:4:      layout_loops_ring, kennysheep_orc_sif_temple, kiku_gazebo_pond_becter,
          portal_sewer_entry_f, serial_shops, shop
D:5:      layout_rooms, serial_shops, nicolae_inconvenience_store

Skill      XL: |  1  2  3  4  5  6  7  8 |
---------------+-------------------------+-----
Fighting       | 4 5 6 |  6.0
Axes           | 4 5 6 8 9 |  9.0
Armour         | 3 4 5 |  5.3
Shields        | 1 2 3 |  3.0
Dodging        | 3 |  3.1

Action                   |  1- 3 |  4- 6 |  7- 9 || total
-------------------------+-------+-------+-------++-------
Melee: Hand axe          |    66 |   135 |   108 ||   309
       Headbutt          |    17 |    29 |    22 ||    68
  Use: Scroll            |       |     4 |     7 ||    11
       Potion            |       |     2 |       ||     2
 Stab: Invisible         |       |     3 |     1 ||     4
Armor: Scale mail        |     9 |       |       ||     9
       Animal skin       |     1 |       |       ||     1
       Chain mail        |    21 |    86 |    67 ||   174
Dodge: Dodged            |    36 |    73 |    53 ||   162
Block: Buckler           |       |    16 |    17 ||    33

Table legend: (Time is in decaauts)
 A = Elapsed time spent in this place.
 B = Non-inter-level travel time spent in this place.
 C = Inter-level travel time spent in this place.
 D = Time resting spent in this place.
 E = Time spent auto-exploring this place.
 F = Levels seen in this place.
 G = Mean time per level.
                   A        B        C        D        E       F      G
               +--------+--------+--------+--------+--------+-----+--------+
         Total |   4691 |   4582 |    109 |    329 |   3158 |   6 |  781.8 |
       Dungeon |   4058 |   3949 |    109 |    324 |   2777 |   5 |  811.6 |
         Sewer |    632 |    632 |      0 |      5 |    381 |   1 |  632.0 |
               +--------+--------+--------+--------+--------+-----+--------+

Top non-repeatable levels by time:
     D:2: 1232 daAuts
     D:4: 1124 daAuts
     D:3: 904 daAuts
     D:1: 684 daAuts
   Sewer: 632 daAuts
     D:5: 114 daAuts
